 Dungeon Crawl Stone Soup version 0.21.1-1-g345015f (webtiles) character file.

2096 Fang the Cleaver (level 9, -3/56 HPs)
             Began as a Gargoyle Berserker on May 22, 2018.
             Was an Elder of Trog.
             Slain by a wight
             ... wielding a +2 halberd
              (7 damage)
             ... on level 6 of the Dungeon.
             The game lasted 00:08:12 (6331 turns).

Fang the Cleaver (Gargoyle Berserker)               Turns: 6331, Time: 00:08:13

Health: -3/56      AC:  8    Str: 24    XL:     9   Next: 27%
Magic:  9/9        EV: 14    Int:  8    God:    Trog [****..]
Gold:   257        SH:  0    Dex:  9    Spells: 8/8 levels left

rFire    . . .     SeeInvis .   a - +1 hand axe
rCold    . . .     Gourm    .   (no shield)
rNeg     + . .     Faith    .   x - +0 robe "Ces Qus" {+Fly}
rPois    ∞         Spirit   .   (no helmet)
rElec    +         Reflect  .   (no cloak)
rCorr    .         Harm     .   (no gloves)
MR       .....                  (no boots)
Stlth    ++........             r - amulet of magic regeneration
HPRegen  0.18/turn              (no ring)
MPRegen  0.36/turn              (no ring)

@: berserk cooldown, slowed, very slow
A: negative energy resistance 1, electricity resistance, unbreathing,
petrification resistance, rot immunity, AC +6
a: Berserk, Trog's Hand, Brothers in Arms, Burn Spellbooks, Renounce Religion,
Evoke Flight


You were on level 6 of the Dungeon.
You worshipped Trog.
Trog was greatly pleased with you.
You were very hungry.

You visited 1 branch of the dungeon, and saw 6 of its levels.
You also visited: Sewer.

You collected 257 gold pieces.

Inventory:

Hand Weapons
 a - a +1 hand axe (weapon)
Armour
 x - the +0 robe "Ces Qus" (worn) {+Fly}
   (You found it on level 5 of the Dungeon)

   It lets you fly.
Jewellery
 r - an amulet of magic regeneration (around neck)
Wands
 t - a wand of random effects (64)
Scrolls
 b - a scroll of magic mapping {unknown}
 f - 3 scrolls of remove curse
 g - 3 scrolls of teleportation
 o - 2 scrolls of fear {unknown}
 q - a scroll of identify
 w - 2 scrolls of random uselessness {unknown}
Potions
 d - a potion of mutation
 h - a potion of resistance
 i - 4 potions of flight {unknown}
 j - 2 potions of haste {unknown}
 k - a potion of heal wounds {unknown}
 l - a potion of might {unknown}
 m - 2 potions of brilliance {unknown}
 n - 4 potions of magic {unknown}
 p - a potion of curing {unknown}
 s - 2 potions of lignification {unknown}
 u - a potion of cancellation {unknown}
 v - a potion of berserk rage {unknown}
Comestibles
 c - 7 rations


   Skills:
 + Level 6.5 Fighting
 + Level 8.1 Axes
 + Level 3.3 Armour
 + Level 5.0 Dodging
 + Level 3.1 Stealth


You had 8 spell levels left.
You didn't know any spells.

Dungeon Overview and Level Annotations

Branches:
Dungeon (6/15)
 Temple: D:4-7

Altars:
Ashenzari
Elyvilon
Vehumet


Innate Abilities, Weirdness & Mutations

You are resistant to torment.
Your stone body is resilient. (AC +6)
You are immune to poison.
You resist negative energy. (rN+)
You are resistant to electric shocks. (rElec)
You can survive without breathing.
You are immune to petrification.
You are immune to rotting.


Message History

The wight is lightly damaged.
The wight hits you with an enchanted mace.
* * * LOW HITPOINT WARNING * * *
The wight barely misses you.
You closely miss the wight.
The wight is lightly damaged.
The wight misses you.
The wight hits you from afar with an enchanted halberd.
* * * LOW HITPOINT WARNING * * *
You hit the wight.
The wight is lightly damaged.
The wight hits you with an enchanted mace!
* * * LOW HITPOINT WARNING * * *
The wight closely misses you.
You hit the wight.
The wight is moderately damaged.
The wight hits you with an enchanted mace.
* * * LOW HITPOINT WARNING * * *
The wight hits you from afar with an enchanted halberd!
You die...

#..# #..##### #......#
############.###.#
#......#.......#.#
#......#.####....#
#......#.#...#.###
#......#..<...(#
.#zz@...#....######
..........)..........#
....#......##...####.#
### #......##...#
#......##...#
##########.## ..# #.#
#.#


You could see 2 wights.

Vanquished Creatures
  Grinder (D:5)
  The ghost of Sapher the Grave Robber, an amateur GnNe (D:3)
  Sigmund (D:5)
  Menkaure (D:5)
  Duvessa (D:6)
  2 ogres
  Purgy (Sewer)
  A centaur (D:6)
  A bullfrog (D:6)
  Dowan (D:6)
  2 scorpions
  2 wights (D:6)
  The ghost of leafyfresh the Changer, a weakling MfTm (D:4)
  A howler monkey (D:5)
  A bullfrog zombie (D:6)
  2 crimson imps
  A hound (D:5)
  An orc priest (D:3)
  An orc wizard (D:3)
  Ijyb (D:4)
  Jessica (D:2)
  An iguana (D:5)
  4 worker ants
  A hound skeleton (D:4)
  A howler monkey skeleton (D:5)
  2 river rats (D:4)
  4 adders
  3 gnolls (D:4)
  2 shadow imps
  3 oozes
  An adder zombie (D:5)
  2 worms (D:3)
  A dart slug (D:1)
  9 leopard geckos
  9 orcs
  7 ball pythons
  9 giant cockroaches
  6 goblins
  8 hobgoblins
  4 jackals (D:2)
  12 kobolds
  2 quokkas
  6 bats
  10 frilled lizards
  A jackal skeleton (D:4)
  A quokka skeleton (D:5)
  12 rats
146 creatures vanquished.

Notes
Turn   | Place    | Note
-------+----------+-------------------------------------------
     0 | D:1      | Fang the Gargoyle Berserker began the quest for the Orb.
     0 | D:1      | Reached XP level 1. HP: 14/14 MP: 1/1
    35 | D:1      | Reached XP level 2. HP: 12/19 MP: 2/2
   325 | D:1      | Reached skill level 3 in Axes
   365 | D:1      | Reached XP level 3. HP: 16/24 MP: 3/3
   882 | D:1      | Reached ** piety under Trog
  1341 | D:2      | Noticed Jessica
  1348 | D:2      | Killed Jessica
  1348 | D:2      | Reached XP level 4. HP: 29/29 MP: 4/4
  1957 | D:3      | Noticed Sapher's ghost (amateur GnNe)
  1963 | D:3      | Reached XP level 5. HP: 33/33 MP: 5/5
  2327 | D:3      | Killed Sapher's ghost
  2327 | D:3      | Reached skill level 4 in Axes
  2327 | D:3      | Reached skill level 1 in Stealth
  2327 | D:3      | Reached XP level 6. HP: 39/39 MP: 6/6
  2479 | D:3      | Reached *** piety under Trog
  2545 | D:3      | Reached skill level 5 in Axes
  3206 | D:4      | Found a radiant altar of Vehumet.
  3208 | D:4      | Found a glowing drain.
  3217 | D:4      | Reached XP level 7. HP: 44/44 MP: 7/7
  3230 | Sewer    | Entered a sewer
  3380 | Sewer    | Noticed Purgy
  3387 | Sewer    | Killed Purgy
  3596 | D:4      | Reached **** piety under Trog
  3621 | D:4      | Noticed leafyfresh's ghost (weakling MfTm)
  3631 | D:4      | Killed leafyfresh's ghost
  4237 | D:4      | Noticed Ijyb
  4251 | D:4      | Killed Ijyb
  4251 | D:4      | Reached skill level 5 in Fighting
  4377 | D:5      | Entered Level 5 of the Dungeon
  4377 | D:5      | Noticed Grinder
  4411 | D:5      | Killed Grinder
  4411 | D:5      | Reached skill level 6 in Axes
  4411 | D:5      | Reached XP level 8. HP: 46/49 MP: 8/8
  4691 | D:5      | Found a white marble altar of Elyvilon.
  4731 | D:5      | Got a faintly humming robe
  4742 | D:5      | Identified the +0 robe "Ces Qus" {+Fly} (You found it on level 5 of the Dungeon)
  4788 | D:5      | Noticed Menkaure
  4789 | D:5      | Noticed Sigmund
  4793 | D:5      | Killed Menkaure
  4809 | D:5      | Killed Sigmund
  4809 | D:5      | Reached skill level 7 in Axes
  5435 | D:6      | Reached XP level 9. HP: 20/55 MP: 9/9
  5731 | D:6      | Found a shattered altar of Ashenzari.
  5811 | D:6      | Noticed Duvessa
  5813 | D:6      | Noticed Dowan
  5821 | D:6      | Killed Duvessa
  5828 | D:6      | Killed Dowan
  6078 | D:6      | Reached skill level 5 in Dodging
  6295 | D:6      | Reached skill level 8 in Axes
  6331 | D:6      | Slain by a wight

Skill      XL: |  1  2  3  4  5  6  7  8  9 |
---------------+----------------------------+-----
Axes           | 3 4 5 6 7 8 |  8.1
Dodging        | 2 3 4 5 |  5.0
Fighting       | 4 5 6 |  6.5
Stealth        | 1 2 3 |  3.1
Armour         | 3 |  3.3

Action                   |  1- 3 |  4- 6 |  7- 9 || total
-------------------------+-------+-------+-------++-------
Melee: Hand axe          |   104 |   174 |   287 ||   565
Invok: Berserk           |     2 |     6 |     8 ||    16
       Burn Spellbooks   |       |       |     1 ||     1
  Use: Scroll            |       |     7 |       ||     7
 Stab: Sleeping          |       |     3 |       ||     3
  Eat: Chunk             |     2 |     8 |     5 ||    15
       Ration            |       |     2 |     3 ||     5
Armor: Animal skin       |    48 |    54 |    14 ||   116
       Troll leather arm |       |       |    39 ||    39
       Robe              |       |       |    25 ||    25
Dodge: Dodged            |   107 |   118 |   166 ||   391
